 Dungeon Crawl Stone Soup version 0.17-a0-1504-gb7d9117 (webtiles) character file.

3008 Fizybubbleh the Slicer (level 10, -3/63 HPs)
             Began as a Human Enchanter on July 7, 2015.
             Was a Believer of Ashenzari.
             Slain by a manticore (16 damage)
             ... on level 8 of the Dungeon.
             The game lasted 00:36:29 (10095 turns).

Fizybubbleh the Slicer (Human Enchanter)           Turns: 10095, Time: 00:36:30

Health: -3/63      AC:  4    Str:  8    XL:     10   Next: 10%
Magic:  11/13      EV: 12    Int: 20    God:    Ashenzari [**....]
Gold:   482        SH:  0    Dex: 13    Spells: 4 memorised, 4 levels left

rFire  . . .     SeeInvis .     l - +1 dagger (venom) (curse)
rCold  . . .     Clarity  .     b - +1 robe (curse)
rNeg   . . .     SustAt   .     (no shield)
rPois  .         Gourm    .     (no helmet)
rElec  .         Spirit   .     (no cloak)
rCorr  .         Warding  .     (no gloves)
rMut   .         Stasis   .     F - +0 pair of boots (curse)
MR     .....                    (no amulet)
Stlth  ++++......               (no ring)
                                g - ring of flight (curse)

@: not resistant to hostile enchantments, stealthy
A: no striking features
a: Scrying, Renounce Religion, Evoke Flight


You were on level 8 of the Dungeon.
You worshipped Ashenzari.
Ashenzari was pleased with you.
You were hungry.

You visited 1 branch of the dungeon, and saw 8 of its levels.

You collected 482 gold pieces.

Inventory:

Hand weapons
 a - a +1 dagger
 l - a cursed +1 dagger of venom (weapon)
 A - a +0 dagger of speed
 D - a +0 blowgun
Missiles
 E - 24 poisoned needles
Armour
 b - a cursed +1 robe (worn)
 F - a cursed +0 pair of boots (worn)
Jewellery
 g - a cursed ring of flight (left hand)
Magical devices
 y - a wand of fire (0)
Scrolls
 d - 5 scrolls of curse armour
 e - 2 scrolls of teleportation {unknown}
 k - 5 scrolls of enchant weapon
 n - a scroll of random uselessness
 o - a scroll of fear {unknown}
 p - 3 scrolls of curse weapon
 r - 2 scrolls of immolation {unknown}
 s - 2 scrolls of noise
 t - a scroll of amnesia {unknown}
 u - a scroll of blinking {unknown}
 x - a scroll of recharging {unknown}
 G - 3 scrolls of holy word {unknown}
 I - a scroll of silence {unknown}
Potions
 h - a potion of flight
 j - a potion of invisibility
 m - a potion of brilliance
 v - a potion of degeneration
 w - 4 potions of poison
 z - 2 potions of might
 B - a potion of agility
 C - 2 potions of haste
Books
 c - a book of Maledictions

   Spells                             Type                      Level
   a - Corona                         Hexes                        1
   b - Ensorcelled Hibernation        Hexes/Ice                    2
   c - Confuse                        Hexes                        3
   d - Tukima's Dance                 Hexes                        3
   e - Dazzling Spray                 Conjuration/Hexes            3
Comestibles
 f - 3 meat rations
 q - 5 bread rations
 H - a beef jerky


   Skills:
 + Level 9.3 Short Blades
 - Level 2.0 Dodging
 - Level 9.2 Stealth
 - Level 2.0 Spellcasting
 - Level 6.1 Hexes


You had 4 spell levels left.
You knew the following spells:

 Your Spells              Type           Power        Failure   Level  Hunger
a - Ensorcelled Hibernat  Hex/Ice        ##....       10%         2    ##.....
b - Confuse               Hex            ####....     4%          3    ###....
c - Tukima's Dance        Hex            ####....     4%          3    ###....
v - Corona                Hex            ####...      1%          1    #......


Dungeon Overview and Level Annotations

Branches:
Dungeon (8/15)             Temple (0/1) D:7            Lair (0/8) D:8

Altars:
Ashenzari
Cheibriados
Qazlal
Sif Muna
Zin
The Shining One

Annotations:
D:1 exclusion: downstairs
D:8 exclusions: crocodile, 2 rats and sensed monster (detected)


Message History

* * * LOW HITPOINT WARNING * * *
The manticore claws you.
* * * LOW HITPOINT WARNING * * *
You take 31 damage, and have 4/63 hp.
MASSIVE DAMAGE!!
You now have 11/13 mp.
Drink which item? (? for menu, Esc to quit)
You can't drink that!
Drink which item? (? for menu, Esc to quit)
You feel much better. The manticore bites you!
* * * LOW HITPOINT WARNING * * *
The manticore closely misses you.
The manticore claws you but does no damage.
You regained 8 hp, and now have 12/63 hp.
Read which item? (? for menu, Esc to quit)
Okay, then.
Okay, then.
Aim: a crocodile Nothing appears to happen.
The manticore bites you!
You die...

#...#.......# #.......
, #####.......# #......
, , #.......# #.....,
#.......###....,, , *
#.....(.......
#####..........†. *
#..............t######
,
#......##......H.....#*
*
#......##......@.....#
.......
#......##............#
.......
##......##............#
.......
........##............#
.......
#.......##............#


HK..... <.......##............# {...... ........##...........)##.......
...............(............... ..########............###+##### You could see a
manticore and a crocodile.

Vanquished Creatures
  Pikel (D:5)
  Sigmund (D:2)
  A wolf (D:8)
  Grum (D:8)
  Menkaure (D:6)
  A water moccasin (D:8)
  An orc warrior (D:5)
  4 slaves (D:4)
  2 sky beasts (D:7)
  A black bear (D:7)
  2 ice beasts
  An ogre (D:7)
  A phantom (D:7)
  A big kobold (D:7)
  A giant frog (D:6)
  A scorpion (D:6)
  2 hounds
  A centaur zombie (D:7)
  4 crimson imps
  A jelly (D:6)
  A centaur skeleton (D:7)
  2 orc wizards
  2 giant frog skeletons
  5 iguanas
  Natasha (thrice) (D:2)
  An orc priest (D:4)
  5 worker ants
  A killer bee zombie (D:8)
  The ghost of Eleanoora the Sneak, a weakling NaEn (D:4)
  A mummy (D:5)
  4 gnolls (D:5)
  9 adders
  2 shadow imps (D:8)
  2 adder skeletons
  3 giant geckos
  21 orcs
  2 ball pythons (D:2)
  3 giant cockroaches
  13 goblins
  6 hobgoblins
  16 kobolds
  9 quokkas
  7 bats
  8 giant newts
  3 jackals (D:6)
  16 rats
175 creatures vanquished.

Vanquished Creatures (others)
  A fungus (D:8)
1 creature vanquished.

Grand Total: 176 creatures vanquished

Notes
Turn   | Place    | Note
--------------------------------------------------------------
     0 | D:1      | Fizybubbleh the Human Enchanter began the quest for the Orb.
     0 | D:1      | Reached XP level 1. HP: 13/13 MP: 3/3
   393 | D:1      | Reached XP level 2. HP: 5/19 MP: 3/5
   397 | D:1      | Learned a level 2 spell: Ensorcelled Hibernation
  1288 | D:2      | Noticed Sigmund
  1388 | D:2      | Reached skill level 4 in Hexes
  1388 | D:2      | Reached XP level 3. HP: 16/24 MP: 0/6
  1447 | D:2      | Learned a level 3 spell: Confuse
  1641 | D:2      | Killed Sigmund
  1641 | D:2      | Reached skill level 6 in Hexes
  1641 | D:2      | Reached XP level 4. HP: 20/30 MP: 0/7
  1641 | D:2      | Reached XP level 5. HP: 23/35 MP: 0/8
  1782 | D:2      | Noticed Natasha
  1790 | D:2      | Killed Natasha
  1790 | D:2      | Reached XP level 6. HP: 33/41 MP: 2/9
  1952 | D:2      | Found a faded altar to an unknown god.
  2157 | D:2      | Noticed Natasha
  2162 | D:2      | Killed Natasha
  2398 | D:2      | Noticed Natasha
  2407 | D:2      | Killed Natasha
  2462 | D:2      | Found a glowing silver altar of Zin.
  2649 | D:3      | Found a stormy altar of Qazlal.
  2964 | D:3      | Learned a level 3 spell: Tukima's Dance
  3815 | D:3      | Found a deep blue altar of Sif Muna.
  3952 | D:4      | Reached skill level 5 in Stealth
  4000 | D:4      | Noticed a slave
  4002 | D:4      | Noticed Pikel
  4027 | D:4      | Killed a slave
  4037 | D:4      | Noticed a slave
  4337 | D:4      | Reached XP level 7. HP: 46/46 MP: 7/10
  4480 | D:4      | Noticed a slave
  4497 | D:4      | Killed a slave
  4629 | D:4      | Noticed Eleanoora's ghost (weakling NaEn)
  4646 | D:4      | Killed Eleanoora's ghost
  4908 | D:4      | Found a glowing golden altar of the Shining One.
  4983 | D:4      | Killed a slave
  5286 | D:4      | Noticed a slave
  5299 | D:4      | Killed a slave
  5445 | D:4      | Found a shattered altar of Ashenzari.
  5680 | D:4      | Became a worshipper of Ashenzari the Shackled
  5817 | D:5      | Entered Level 5 of the Dungeon
  6152 | D:5      | Identified the +5 dagger "Cesoyteb" {pierce, *Rage rPois rN++ Dex-4}
  6222 | D:5      | Reached skill level 7 in Stealth
  6425 | D:5      | Killed Pikel
  6425 | D:5      | Reached skill level 9 in Stealth
  6425 | D:5      | Reached XP level 8. HP: 29/52 MP: 2/11
  6611 | D:5      | Found a snail-covered altar of Cheibriados.
  7145 | D:6      | Noticed Menkaure
  7362 | D:6      | Reached XP level 9. HP: 47/57 MP: 1/12
  7993 | D:6      | Reached skill level 5 in Short Blades
  8020 | D:6      | Killed Menkaure
  8757 | D:7      | Found a staircase to the Ecumenical Temple.
  9148 | D:7      | Acquired Ashenzari's first power
  9873 | D:8      | Found a staircase to the Lair.
  9970 | D:8      | Reached XP level 10. HP: 63/63 MP: 13/13
 10001 | D:8      | Noticed a manticore
 10014 | D:8      | Noticed Grum
 10028 | D:8      | Killed Grum
 10095 | D:8      | Slain by a manticore

Vault maps used:
D:1:      scummos_arrival_star, corexii_leaking_fountain
D:2:      zin_scriptorium, ecumenical_altar_1, uniq_sigmund, uniq_natasha
D:3:      lemuel_blue_sif_altar, grunt_qazlal_clouds
D:4:      tso_oasis_becter, ashenzari_altar_1, uniq_pikel
D:5:      slow_altar_1, first_bread
D:6:      uniq_menkaure
D:7:      temple_pool_a, minmay_splitting_lines, kennysheep_cluttered_room
D:8:      due_lair_maze_entry_diamond, uniq_grum

Action                   |  1- 3 |  4- 6 |  7- 9 | 10-12 || total
-------------------------+-------+-------+-------+-------++-------
Melee: Dagger            |    77 |    97 |   303 |     9 ||   486
 Cast: Corona            |     5 |       |     5 |     1 ||    11
       Ensorcelled Hiber |    12 |    22 |    41 |     5 ||    80
       Confuse           |       |     1 |    23 |       ||    24
       Tukima's Dance    |       |       |     1 |       ||     1
Evoke: Wand              |       |       |       |     4 ||     4
  Use: Scroll            |       |       |    15 |       ||    15
       Potion            |       |       |     2 |     1 ||     3
 Stab: Sleeping          |     5 |    18 |    46 |     2 ||    71
       Confused          |       |     1 |    17 |       ||    18
       Distracted        |       |       |     2 |       ||     2
  Eat: Bread ration      |     1 |       |       |       ||     1
       Chunk             |       |     9 |    12 |       ||    21
       Meat ration       |       |       |     2 |       ||     2
       Royal jelly       |       |       |     1 |       ||     1
